 Dungeon Crawl Stone Soup version 0.28.0 (webtiles) character file.

Game seed: 12200279248289278520

208 Hasart the Skirmisher (level 5, -1/45 HPs)
             Began as a Demigod Fighter on Feb 14, 2022.
             Slain by a phantom (2 damage)
             ... on level 5 of the Dungeon.
             The game lasted 00:02:12 (1706 turns).

Hasart the Skirmisher (Demigod Fighter)             Turns: 1706, Time: 00:02:13

Health: -1/45      AC:  6    Str: 17    XL:     5   Next: 29%
Magic:  7/7        EV:  9    Int: 10    God:
Gold:   60         SH:  5    Dex: 17    Spells: 4/4 levels left

rFire   . . .      SeeInvis .   a - +0 long sword
rCold   . . .      Faith    .   c - +0 buckler
rNeg    . . .      Spirit   .   b - +0 scale mail
rPois   .          Reflect  .   (no helmet)
rElec   .          Harm     .   (no cloak)
rCorr   .          Rampage  .   (no gloves)
Will    .....                   (no boots)
Stlth   ..........              (no amulet)
HPRegen 0.15/turn               (no ring)
MPRegen 0.10/turn               (no ring)

@: no status effects
A: high MP 1, forlorn, divine attributes
a: no special abilities


You were on level 5 of the Dungeon.
You visited 1 branch of the dungeon, and saw 4 of its levels.

You collected 60 gold pieces.

Inventory:

Hand Weapons
 a - a +0 long sword (weapon)
Armour
 b - a +0 scale mail (worn)
 c - a +0 buckler (worn)
Jewellery
 f - an amulet of the acrobat
Scrolls
 e - a scroll of enchant armour {unknown}
 g - a scroll of teleportation {unknown}
 h - a scroll of identify {unknown}
Potions
 d - 2 potions of magic


   Skills:
 + Level 3.4 Fighting
 * Level 3.3 Long Blades
 + Level 3.3 Armour
 + Level 1.6 Dodging
 + Level 3.3 Shields


You had 4 spell levels left.
You didn't know any spells.
Your spell library was empty.

Dungeon Overview and Level Annotations

Branches:
Dungeon (5/15)
 Temple: D:4-7

Shops:
D:1 (


Innate Abilities, Weirdness & Mutations

You have an increased reservoir of magic. (+10% MP)
You shall have no god before yourself.
Your divine heritage dramatically boosts your attributes as you level up.


Message History

You hit the phantom but do no damage.
The phantom is almost destroyed.
The hound barely misses you. The phantom hits you.
* * * LOW HITPOINT WARNING * * *
The phantom blinks!
You blink.
The phantom barely misses you.
Unknown command.
You closely miss the phantom.
The phantom is almost destroyed.
The phantom hits you.
* * * LOW HITPOINT WARNING * * *
You block the hound's attack.
Unknown command.
It was a potion of magic.
Magic courses through your body. The hound bites you.
* * * LOW HITPOINT WARNING * * *
The phantom hits you but does no damage.
Unknown command.
You closely miss the phantom.
The phantom is almost destroyed.
The hound bites you.
* * * LOW HITPOINT WARNING * * *
The hound bites you.
* * * LOW HITPOINT WARNING * * *
The phantom completely misses you.
You miss the phantom.
The phantom is almost destroyed.
The hound stops to sniff the ground.
The hound bites you but does no damage. You block the phantom's attack.
The hound barely misses you. The phantom closely misses you.
Unknown command.
You hit the phantom.
The phantom is almost destroyed.
The hound barely misses you. The hound closely misses you.
The phantom hits you.
* * * LOW HITPOINT WARNING * * *
The phantom blinks!
You blink.
Unknown command.
You miss the phantom.
The phantom is almost destroyed.
The phantom hits you.
You die...

#....#... ..# ...
##....##.####.###...
#..##.##.##...#...##
.###......§..##.....###
.........h§..........##
...............#.##.###
..##..#..........##....
###W..........####..
#@..........##....
#..................
###.....$..##...<.§
##...#...#..#....
##..##....##....
#.###...)##....
###.......#....
#.....#####. #....##
#...


You could see a phantom and a hound.

Vanquished Creatures
  Sigmund (D:2)
  Natasha (D:2)
  A dart slug (D:2)
  2 endoplasms (D:1)
  2 goblins (D:1)
  3 hobgoblins
  6 kobolds
  A quokka (D:2)
  2 ball pythons
  2 bats (D:1)
  2 frilled lizards
  2 rats
25 creatures vanquished.

Notes
Turn   | Place    | Note
-------+----------+-------------------------------------------
     0 | D:1      | Hasart the Demigod Fighter began the quest for the Orb.
     0 | D:1      | Reached XP level 1. HP: 18/18 MP: 3/3
   366 | D:1      | Found Xangihos's Antique Weapon Boutique.
   754 | D:1      | Reached XP level 2. HP: 25/25 MP: 4/4
  1182 | D:2      | Noticed Natasha
  1186 | D:2      | Killed Natasha
  1187 | D:2      | Reached XP level 3. HP: 14/30 MP: 5/5
  1444 | D:2      | Reached skill level 1 in Dodging
  1585 | D:2      | Noticed Sigmund
  1594 | D:2      | Killed Sigmund
  1595 | D:2      | Reached XP level 4. HP: 38/38 MP: 6/6
  1595 | D:2      | Reached XP level 5. HP: 45/45 MP: 7/7
  1631 | D:2      | You fall into a shaft and drop 2 floors!
  1631 | D:4      | Noticed an ogre
  1649 | D:5      | Entered Level 5 of the Dungeon
  1705 | D:5      | HP: 1/45 [phantom (3)]
  1706 | D:5      | Slain by a phantom

Illustrated notes

Levels and vault maps discovered:
D:1:      dpeg_arrival_shelter, layout_loops_corners, serial_shops,
          nicolae_lakefront_shop
D:2:      layout_basic, shapermc_ecumenical_altar_notcrosses,
          kennysheep_generic_room_10, uniq_terence, uniq_natasha, uniq_sigmund
D:4:      layout_cave_pools, nicolae_gozag_cash_rules_everything_around_me,
          hangedman_abyss_or_decor_lesser_grid, uniq_blork_the_orc,
          uniq_duvessa, uniq_pikel
D:5:      layout_cave_pools

Skill      XL: |  1  2  3 |
---------------+----------+-----
Long Blades    | 2 3 |  3.3
Armour         | 3 |  3.3
Shields        | 3 |  3.3
Fighting       | 3 |  3.4
Dodging        | 1 |  1.6

Action                   |  1- 3 |  4- 6 || total
-------------------------+-------+-------++-------
Melee: Long sword        |    69 |    31 ||   100
  Use: Potion            |     1 |     1 ||     2
Armor: Scale mail        |    33 |     9 ||    42
Dodge: Dodged            |    27 |    21 ||    48
Block: Buckler           |    12 |     6 ||    18
